 Dungeon Crawl Stone Soup version 0.29.0-4-gdea44cf6ec (webtiles) character file.

Game seed: 6074971743617459548

71 qw the Chopper (level 4, -3/39 HPs)
             Began as a Minotaur Fighter on Sept 5, 2022.
             Slain by a gnoll
             ... wielding a +0 halberd
              (7 damage)
             ... on level 3 of the Dungeon.
             The game lasted 00:00:41 (2324 turns).

qw the Chopper (Minotaur Fighter)                   Turns: 2324, Time: 00:00:41

Health: -3/39      AC:  6    Str: 22    XL:     4   Next: 5%
Magic:  3/3        EV:  9    Int:  5    God:
Gold:   71         SH:  4    Dex: 10    Spells: 3/3 levels left

rFire   . . .      SeeInvis .   Y - +0 war axe
rCold   . . .      Faith    .   c - +0 buckler
rNeg    . . .      Spirit   .   b - +0 scale mail
rPois   .          Reflect  .   (helmet restricted)
rElec   .          Harm     .   (no cloak)
rCorr   .          Rampage  .   (no gloves)
Will    .....                   (no boots)
Stlth   ..........              (no amulet)
HPRegen 0.13/turn               (no ring)
MPRegen 0.08/turn               (no ring)

@: about to teleport
A: horns 2, retaliatory headbutt
a: no special abilities


You were on level 3 of the Dungeon.
You visited 1 branch of the dungeon, and saw 3 of its levels.

You collected 71 gold pieces.


Innate Abilities, Weirdness & Mutations

You have a pair of horns on your head.
You reflexively headbutt those who attack you in melee.


   Skills:
 - Level 3.6 Fighting
 + Level 5.1 Axes
 - Level 3.6 Armour
 - Level 1.0 Dodging
 - Level 3.6 Shields


You had 3 spell levels left.
You didn't know any spells.
Your spell library was empty.

Inventory:

Hand Weapons
 h - a +0 club
 Y - a +0 war axe (weapon)
Armour
 b - a +0 scale mail (worn)
 c - a +0 buckler (worn)
Jewellery
 e - a ring of fire
Scrolls
 a - a scroll of identify
Potions
 d - 2 potions of might
 i - a potion of curing
 j - a potion of mutation {unknown}
 l - a potion of resistance

Dungeon Overview and Level Annotations

Branches:
Dungeon (3/15)

Altars:
Zin


Message History

You slash the worm!
The worm is severely wounded.
You block the worm's attack.
You barely miss the worm.
The worm is severely wounded.
The worm bites you!
You hit the worm but do no damage.
The worm is heavily wounded.
You block the worm's attack.
You hit the worm.
The worm is almost dead.
The worm bites you!
You hit the worm.
You kill the worm!
You start resting.
HP restored.
You see here a worm corpse.
Found a leather armour. 3 gnolls come into view.
The gnoll shouts!
The gnoll barely misses you. The gnoll hits you with a +0 spear.
You barely miss the gnoll. You headbutt the gnoll!
The gnoll is almost dead.
The gnoll hits you with a +0 spear!
The gnoll hits you from afar with a +0 halberd!
The gnoll hits you from afar with a +0 halberd.
You block the gnoll's attack. x2
You slash the gnoll!
You kill the gnoll!
You closely miss the gnoll. The gnoll hits you with a +0 club.
The gnoll hits you but does no damage.
Your Dodging skill increases to level 1!
You have reached level 4!
You feel agile.
2324 ||| READING scroll of teleportation.
As you read the scroll of teleportation, it crumbles to dust.
You feel strangely unstable. The gnoll hits you with a +0 club.
The gnoll hits you from afar with a +0 halberd!
You die...

####################
<......%...........#
##################.#
#########.#
.....g....#
......g@..#
......)...#
.....[....#
..........#
....#####.# .##. #.#
# .# .#


You could see 2 gnolls.

Vanquished Creatures
  2 adders (D:2)
  A gnoll (D:3)
  A worm (D:3)
  A dart slug (D:1)
  5 endoplasms
  4 giant cockroaches (D:1)
  4 goblins
  4 hobgoblins
  A ball python (D:1)
  8 bats
  A frilled lizard (D:1)
  4 kobolds (D:1)
  3 rats
39 creatures vanquished.

Vanquished Creatures (others)
  A plant (D:1)
1 creature vanquished.

Grand Total: 40 creatures vanquished

Notes
Turn   | Place    | Note
-------+----------+-------------------------------------------
     0 | D:1      | qw the Minotaur Fighter began the quest for the Orb.
     0 | D:1      | Reached XP level 1. HP: 19/19 MP: 0/0
     0 | D:1      | 0 ||| qw: Version: 0.1-a-104-g96f76f8
     0 | D:1      | 0 ||| qw: Game counter: 6020
     0 | D:1      | 0 ||| qw: Always use a shield: true
     0 | D:1      | 0 ||| qw: God list: Ru
     0 | D:1      | 0 ||| qw: Allow faded altars: false
     0 | D:1      | 0 ||| qw: Do Orc after D:15 true
     0 | D:1      | 0 ||| qw: Do second Lair branch before Depths: true
     0 | D:1      | 0 ||| qw: Lair rune preference: random
     0 | D:1      | 0 ||| qw: Plans: Normal
     0 | D:1      | 0 ||| PLANNING D:1-11
   204 | D:1      | Reached skill level 3 in Axes
   213 | D:1      | Reached XP level 2. HP: 19/26 MP: 1/1
   760 | D:1      | Reached skill level 4 in Axes
  1276 | D:1      | 1276 ||| DROPPING amulet of faith.
  1277 | D:1      | 1277 ||| READING 4 scrolls labelled SENOKAU IJOPEN.
  1278 | D:1      | 1278 ||| READING scroll labelled CYULUOP DIPS.
  1282 | D:1      | 1282 ||| DRINKING 2 gluggy blue potions.
  1283 | D:1      | 1283 ||| READING 3 scrolls of identify.
  1283 | D:1      | 1283 ||| IDENTIFYING coppery potion
  1284 | D:1      | 1284 ||| READING 2 scrolls of identify.
  1284 | D:1      | 1284 ||| IDENTIFYING fizzy purple potion
  1285 | D:1      | 1285 ||| DROPPING potion of brilliance.
  1383 | D:2      | 1383 ||| Stepping ~*~*~tactically~*~*~ (stealth).
  1395 | D:2      | Reached XP level 3. HP: 31/31 MP: 2/2
  1614 | D:2      | Found a glowing silver altar of Zin.
  1888 | D:2      | Reached skill level 5 in Axes
  2105 | D:2      | 2105 ||| READING scroll labelled PAUHAC XYCYL.
  2323 | D:3      | HP: 5/31 [gnoll/+0 club (4)]
  2324 | D:3      | Reached skill level 1 in Dodging
  2324 | D:3      | Reached XP level 4. HP: 7/39 MP: 3/3
  2324 | D:3      | 2324 ||| READING scroll of teleportation.
  2324 | D:3      | Slain by a gnoll

Levels and vault maps discovered:
D:1:      dpeg_arrival_boxes_within_box, layout_basic, serial_forest,
          infiniplex_forest_clump_small, infiniplex_forest_side_room,
          infiniplex_forest_lined_3, infiniplex_forest_corner_1,
          infiniplex_forest_clump_long, infiniplex_forest_join,
          infiniplex_forest_straight_5, infiniplex_forest_straight_4
D:2:      layout_basic, basic_altar
D:3:      layout_basic, nicolae_overflow_hidden_temple

Skill      XL: |  1  2  3 |
---------------+----------+-----
Axes           | 3 4 5 |  5.1
Dodging        | 1 |  1.0
Fighting       | |  3.6
Armour         | |  3.6
Shields        | |  3.6

Action                   |  1- 3 |  4- 6 || total
-------------------------+-------+-------++-------
Melee: War axe           |    89 |       ||    89
       Headbutt          |    12 |       ||    12
  Use: Scroll            |     5 |     1 ||     6
       Potion            |     1 |       ||     1
Armor: Scale mail        |    29 |       ||    29
Dodge: Dodged            |    32 |       ||    32
Block: Buckler           |    21 |       ||    21

Table legend:
 A = Non-vault XP
 B = Vault XP
 C = Vault XP percentage of total XP
 D = Non-vault monster count
 E = Vault monster count
 F = Vault count percentage of total count
                 A         B        C        D         E       F
            +---------+---------+-------+---------+---------+-------
      Total |     102 |       0 |   0.0 |      39 |       0 |   0.0
            +---------+---------+-------+---------+---------+-------
        D:1 |      36 |       0 |   0.0 |      22 |       0 |   0.0
        D:2 |      48 |       0 |   0.0 |      15 |       0 |   0.0
        D:3 |      18 |       0 |   0.0 |       2 |       0 |   0.0
            +---------+---------+-------+---------+---------+-------
